[Event "Late-Titled-Tuesday-Blitz-March-12-2024"]
[Site "Chess.com"]
[Date "2024.03.12"]
[Round "7"]
[White "ploxoi"]
[Black "Gabcur"]
[Result "1-0"]
[WhiteElo "2412"]
[BlackElo "2287"]
[TimeControl "180+1"]
[EndTime "15:14:38 PDT"]
[Termination "ploxoi won by resignation"]

1. d4 d5 2. Nf3 Nf6 3. g3 Bg4 4. Bg2 Nbd7 5. O-O e6 6. c4 c6 7. Qb3 Qb6 8. Bf4 Qb4 9. Nbd2 Be7 10. c5 Qxb3 11. axb3 a6 12. b4 Rc8 13. Nb3 Nh5 14.
Be3 Bf5 15. h3 Be4 16. Na5 O-O 17. g4 Nhf6 18. Bf4 b6 19. Nb3 bxc5 20. bxc5 Ra8 21.
Ra5 Bd8 22. Ra3 a5 23. Rfa1 Ra7 24. Bd6 Re8 25. Nxa5 Bxa5 26. Rxa5 Rb7 27. R1a2 Nb8 28. Nd2 Bxg2 29. Kxg2 Rc8 30. Ra7 Ne8 31. Rxb7 1-0

[Event "Late-Titled-Tuesday-Blitz-March-12-2024"]
[Site "Chess.com"]
[Date "2024.03.12"]
[Round "7"]
[White "Rud_2008"]
[Black "Vadim_Galchenko"]
[Result "1-0"]
[WhiteElo "2783"]
[BlackElo "2598"]
[TimeControl "180+1"]
[EndTime "15:14:48 PDT"]
[Termination "Rud_2008 won by resignation"]

1. e4 e6 2. d4 d5 3. e5 c5 4. c3 Qb6 5. Nf3 Nc6 6. a3 Nh6 7. b4 cxd4 8. cxd4 Nf5 9. Be3 f6 10. Bd3 Nxe3 11. fxe3 fxe5 12. b5 Nxd4 13. exd4 e4 14.
Bxe4 dxe4 15. Ne5 Bd7 16. Nc3 Qa5 17. O-O Qxc3 18. Rc1 Qe3+ 19. Kh1 Bd6 20. Qh5+ g6 21. Nxg6 Rg8 22. Ne5+ Kd8 23. Nf7+ Ke7 24. Nxd6 Raf8 25. Nxb7 Qxd4 26. Qxh7+ Ke8 27. Rfd1 Rg7 28. Qh5+ 1-0

[Event "Late-Titled-Tuesday-Blitz-March-12-2024"]
[Site "Chess.com"]
[Date "2024.03.12"]
[Round "7"]
[White "Speed-O-Sonic"]
[Black "chessamical"]
[Result "1-0"]
[WhiteElo "2447"]
[BlackElo "2213"]
[TimeControl "180+1"]
[EndTime "15:14:48 PDT"]
[Termination "Speed-O-Sonic won on time"]

1. e4 e6 2. d4 d5 3. Bd3 dxe4 4. Bxe4 Nf6 5. Bf3 c5 6. Ne2 cxd4 7. Nxd4 Bc5 8. Be3 O-O 9. Nc3 a6 10. Qd2 e5 11. Nb3 Bb4 12. O-O-O Qxd2+ 13. Bxd2 Nc6 14. a3 Be7 15. Rhe1 Bg4 16. Bxg4 Nxg4 17. f3 Nf2 18. Nd5 Nxd1 19. Rxd1 Rad8 20. c4 b5 21. Ba5 Rd7 22. cxb5 axb5 23. Bb6 Bg5+ 24. Kb1 h5 25. Nf6+ Bxf6 26.
Rxd7 Re8 27. Nc5 e4 28. Nxe4 Ne5 29. Rd5 1-0

[Event "Late-Titled-Tuesday-Blitz-March-12-2024"]
[Site "Chess.com"]
[Date "2024.03.12"]
[Round "7"]
[White "AmanteDeMoi"]
[Black "KNVB"]
[Result "0-1"]
[WhiteElo "2590"]
[BlackElo "2776"]
[TimeControl "180+1"]
[EndTime "15:14:55 PDT"]
[Termination "KNVB won by resignation"]

1. Nf3 b6 2. e3 Bb7 3. Be2 e6 4. b3 Nf6 5. Bb2 c5 6. c4 Be7 7. O-O d6 8. d4 cxd4 9. Nxd4 a6 10. Nc3 Qc7 11. Bf3 O-O 12. Rc1 Nbd7 13. Bxb7 Qxb7 14. Qf3 Qxf3 15. Nxf3 Rfc8 16. Rfd1 Kf8 17. Ba3 Nc5 18.
Nd4 g5 19. Nde2 h5 20. Ng3 h4 21. Bxc5 hxg3 22. Bxb6 gxf2+ 23. Kxf2 Rab8 24. Ba7 Rb7 25.
Bd4 e5 26. Nd5 Nxd5 27. cxd5 Rxc1 28. Rxc1 exd4 29. exd4 a5 30. Ke3 f5 31. Kd3 a4 32.
Rc8+ Kf7 33. Kc4 axb3 34. axb3 f4 35. h3 Ra7 36. b4 Ra2 37. Kb3 Rxg2 38. b5 Rg1 39. Kb2 Bf6 40. Rc7+ Kg6 41. Rc4 f3 42. b6 f2 43. b7 f1=Q 44. b8=Q Qb1+ 45. Ka3 Qxb8 46. Rc1 Rxc1 47. h4 gxh4 48. Ka2 Rc7 0-1

[Event "Late-Titled-Tuesday-Blitz-March-12-2024"]
[Site "Chess.com"]
[Date "2024.03.12"]
[Round "7"]
[White "GWR2024"]
[Black "diamonds13"]
[Result "1-0"]
[WhiteElo "2182"]
[BlackElo "2324"]
[TimeControl "180+1"]
[EndTime "15:14:58 PDT"]
[Termination "GWR2024 won on time"]

1. e4 c5 2. Nc3 e6 3. g3 Nc6 4. Bg2 Nf6 5. f4 d6 6. Nf3 Be7 7. O-O Nd4 8. Ne2 Nxe2+ 9. Qxe2 O-O 10. h3 d5 11. e5 Ne8 12. g4 b6 13. d3 Bb7 14. f5 exf5 15. gxf5 f6 16. e6 Nd6 17.
Nh4 d4 18. Ng6 hxg6 19. fxg6 Be4 20. dxe4 1-0

[Event "Late-Titled-Tuesday-Blitz-March-12-2024"]
[Site "Chess.com"]
[Date "2024.03.12"]
[Round "7"]
[White "Boorchess"]
[Black "Nick12772"]
[Result "1-0"]
[WhiteElo "2560"]
[BlackElo "2364"]
[TimeControl "180+1"]
[EndTime "15:14:59 PDT"]
[Termination "Boorchess won by resignation"]

1. d4 Nf6 2. c4 g6 3. f3 d5 4. cxd5 Nxd5 5. e4 Nb6 6. Be3 Bg7 7. Nc3 O-O 8. Qd2 Nc6 9. O-O-O f5 10. e5 Nb4 11. h4 Be6 12. Kb1 Nc4 13. Bxc4 Bxc4 14. a3 Nd5 15. Nxd5 Qxd5 16. h5 c5 17. hxg6 hxg6 18.
Nh3 cxd4 19. Bxd4 Rfd8 20. Qg5 Qc6 21. Nf4 Bb3 22. Nxg6 1-0

[Event "Late-Titled-Tuesday-Blitz-March-12-2024"]
[Site "Chess.com"]
[Date "2024.03.12"]
[Round "7"]
[White "GotCheeseCheckers"]
[Black "BeanScreen"]
[Result "1-0"]
[WhiteElo "2509"]
[BlackElo "2730"]
[TimeControl "180+1"]
[EndTime "15:15:05 PDT"]
[Termination "GotCheeseCheckers won by checkmate"]

1. a3 d5 2. h3 e5 3. Nf3 e4 4.
Nd4 Nf6 5. d3 Bc5 6. e3 O-O 7. Be2 Re8 8. O-O Nbd7 9. c4 c6 10.
Nc3 Ne5 11. cxd5 cxd5 12. dxe4 dxe4 13. b4 Bxd4 14. exd4 Nd3 15. Bxd3 Qxd4 16. Bb5 Qxc3 17. Bxe8 Qxa1 18. Qd8 Bd7 19. Qxa8 Nxe8 20. Qxb7 Be6 21. Qb8 Bd7 22. Qxa7 Bb5 23. Qb8 h6 24. Qxb5 Nf6 25. Bg5 Qb2 26. Bxf6 Qxf6 27. Qd5 e3 28. fxe3 Qc3 29.
Qd8+ Kh7 30. Qd4 Qxa3 31. Rxf7 Qa2 32. Qxg7# 1-0

[Event "Late-Titled-Tuesday-Blitz-March-12-2024"]
[Site "Chess.com"]
[Date "2024.03.12"]
[Round "7"]
[White "jinxy2009"]
[Black "Willhaven3"]
[Result "0-1"]
[WhiteElo "2235"]
[BlackElo "2626"]
[TimeControl "180+1"]
[EndTime "15:15:11 PDT"]
[Termination "Willhaven3 won on time"]

1. e4 Nf6 2. e5 Nd5 3. c4 Nb6 4. d4 d6 5. exd6 cxd6 6. Nc3 g6 7. Be3 Bg7 8. Rc1 O-O 9. b3 e5 10. d5 f5 11. Be2 N8d7 12. a4 Nf6 13. a5 Nbd7 14. Nb5 Nc5 15. b4 Na6 16. Qb3 b6 17.
Nf3 f4 18. Bd2 e4 19. Nfd4 f3 20. gxf3 exf3 21. Bxf3 bxa5 22. Nc6 Qe8+ 23. Kd1 Ng4 24. Be1 Bd7 25. Nxd6 Rxf3 26. Qxf3 Qf8 27. Qxf8+ Bxf8 28. c5 axb4 29. Nb5 Nxc5 0-1

[Event "Late-Titled-Tuesday-Blitz-March-12-2024"]
[Site "Chess.com"]
[Date "2024.03.12"]
[Round "7"]
[White "LUISMIGUELOV"]
[Black "jcmesafischer"]
[Result "1-0"]
[WhiteElo "2125"]
[BlackElo "2359"]
[TimeControl "180+1"]
[EndTime "15:15:11 PDT"]
[Termination "LUISMIGUELOV won on time"]

1. d4 Nf6 2. Nf3 d5 3. Bg5 c5 4. dxc5 e6 5. c3 Bxc5 6. e3 Nbd7 7. Nbd2 O-O 8. Bd3 h6 9. Bh4 Qb6 10. b4 Bd6 11. O-O Qc7 12. Rc1 Ng4 13. Bg3 Nge5 14. Bb1 b5 15. Qc2 Nf6 16. Nd4 a6 17. h3 Nc4 18. Bh4 Nxd2 19. Qxd2 Ne4 20. Qd3 g5 21.
f3 Bh2+ 22. Kh1 Ng3+ 23. Bxg3 f5 24. Bxc7 Bxc7 25. e4 1-0

[Event "Late-Titled-Tuesday-Blitz-March-12-2024"]
[Site "Chess.com"]
[Date "2024.03.12"]
[Round "7"]
[White "Divljasvinja14"]
[Black "CaspiIsrael"]
[Result "0-1"]
[WhiteElo "2492"]
[BlackElo "2680"]
[TimeControl "180+1"]
[EndTime "15:15:12 PDT"]
[Termination "CaspiIsrael won by resignation"]

1. c4 c5 2. Nf3 g6 3. d4 cxd4 4. Nxd4 Bg7 5. e4 Nc6 6. Be3 Qb6 7. Nb3 Qc7 8. Qd2 a5 9. Nc3 Nf6 10. f3 a4 11. Nb5 Qb8 12. N3d4 O-O 13. Rd1 e6 14.
Be2 d5 15. exd5 exd5 16. O-O dxc4 17. Bxc4 Ne5 18. Be2 Rd8 19. Bh6 a3 20. Bxg7 Kxg7 21. b3 Bd7 22. Qg5 h6 23. Qg3 Nh5 24. Qf2 Nf4 25.
Nd6 Bh3 26. N4f5+ Bxf5 27. Nxf5+ gxf5 28. Qg3+ Neg6 29. Bc4 b5 30. Rxd8 Qxd8 31. Bxb5 Qb6+ 32. Kh1 Qxb5 33. h4 Qxf1+ 0-1

[Event "Late-Titled-Tuesday-Blitz-March-12-2024"]
[Site "Chess.com"]
[Date "2024.03.12"]
[Round "7"]
[White "Fjal"]
[Black "cassoulet"]
[Result "0-1"]
[WhiteElo "2300"]
[BlackElo "2774"]
[TimeControl "180+1"]
[EndTime "15:15:12 PDT"]
[Termination "cassoulet won by resignation"]

1. Nf3 Nf6 2. g3 g6 3. Bg2 Bg7 4. O-O O-O 5. d3 d6 6. e4 Nbd7 7. Nc3 a6 8. a4 c5 9. h3 Rb8 10.
Be3 b5 11. axb5 axb5 12. Qd2 b4 13. Ne2 Bb7 14. Bh6 e6 15. Bxg7 Kxg7 16. c3 Qb6 17.
Qe3 e5 18. Nd2 d5 19. d4 exd4 20. cxd4 cxd4 21. Nxd4 dxe4 22. Rfc1 Rfe8 23. Nc4 Qc5 24. Na5 Qd5 25. Nxb7 Rxb7 26. Ra6 Qe5 27. Rd1 Nd5 28.
Qb3 Nc5 29. Qc4 Nxa6 30. Qxa6 Rd7 31. Nc6 Qxb2 32. Qb5 Nc3 0-1

[Event "Late-Titled-Tuesday-Blitz-March-12-2024"]
[Site "Chess.com"]
[Date "2024.03.12"]
[Round "7"]
[White "IlyaGrigorjev"]
[Black "jefferyx"]
[Result "0-1"]
[WhiteElo "2928"]
[BlackElo "3090"]
[TimeControl "180+1"]
[EndTime "15:15:15 PDT"]
[Termination "jefferyx won on time"]

1. e4 c5 2. Nf3 d6 3. d4 cxd4 4. Nxd4 Nf6 5. Nc3 a6 6. Bg5 e6 7. f4 h6 8. Bh4 Qb6 9. Qd2 Qxb2 10. Rb1 Qa3 11. e5 dxe5 12. fxe5 g5 13. exf6 gxh4 14.
Be2 h3 15. g3 Nd7 16. O-O Qa5 17. Kh1 Bb4 18. Nxe6 fxe6 19. Rxb4 Qxb4 20. Qd3 Rf8 21.
Ne4 Kd8 22. f7 Kc7 23. c3 Qe7 24. Qc4+ Kb8 25. Rd1 Qxf7 26. Nd6 Qf2 0-1

[Event "Late-Titled-Tuesday-Blitz-March-12-2024"]
[Site "Chess.com"]
[Date "2024.03.12"]
[Round "7"]
[White "carloseduar100"]
[Black "ShahMatKanal"]
[Result "1-0"]
[WhiteElo "2338"]
[BlackElo "2491"]
[TimeControl "180+1"]
[EndTime "15:15:16 PDT"]
[Termination "carloseduar100 won by resignation"]

1. d4 Nf6 2. Bg5 e6 3. e4 h6 4.
Bxf6 Qxf6 5. c3 d6 6. Bd3 Nc6 7.
Nd2 e5 8. Ne2 exd4 9. cxd4 Nxd4 10. O-O Nc6 11. Nc4 Be7 12. f4 O-O 13. e5 dxe5 14. fxe5 Qg5 15. Rf3 Bc5+ 16. Kh1 Bg4 17. Rg3 Bxe2 18. Qxe2 Qh4 19. Rg4 Qe7 20. Rf1 Rad8 21.
Qe4 g6 22. Rf6 Rd4 23. Rfxg6+ fxg6 24. Qxg6+ Kh8 25. Qxh6+ 1-0

[Event "Late-Titled-Tuesday-Blitz-March-12-2024"]
[Site "Chess.com"]
[Date "2024.03.12"]
[Round "7"]
[White "nindjaxx8"]
[Black "N4700000"]
[Result "1-0"]
[WhiteElo "2686"]
[BlackElo "2493"]
[TimeControl "180+1"]
[EndTime "15:15:18 PDT"]
[Termination "nindjaxx8 won by resignation"]

1. d4 Nf6 2. c4 Nc6 3. Nc3 e5 4. e3 Bb4 5. Nf3 d6 6. dxe5 Nxe5 7. Nxe5 dxe5 8. Qa4+ c6 9. Qxb4 Be6 10. Bd2 Qc7 11. Be2 a5 12. Qc5 Nd7 13. Nb5 Qb8 14. Nd6+ Kf8 15. Qa3 Kg8 16. Bc3 f6 17. Rd1 h5 18. c5 h4 19. h3 Qc7 20. Bc4 Bxc4 21. Nxc4 Rh6 22. Nd6 Rg6 23. Qb3+ Kh7 24. Qc4 Rh6 25.
Qe4+ Kg8 26. O-O Rf8 27. Rd2 Kh8 28. Nf5 Rh7 29. Nxh4 Nxc5 30. Ng6+ Kg8 31. Qc4+ Qf7 32. Ne7+ Kh8 33. Qxc5 1-0

[Event "Late-Titled-Tuesday-Blitz-March-12-2024"]
[Site "Chess.com"]
[Date "2024.03.12"]
[Round "7"]
[White "MatthewG-p4p"]
[Black "ValeriyGrinev"]
[Result "1-0"]
[WhiteElo "2915"]
[BlackElo "2610"]
[TimeControl "180+1"]
[EndTime "15:15:25 PDT"]
[Termination "MatthewG-p4p won by resignation"]

1. f4 d5 2. Nf3 Bg4 3. Ne5 Bf5 4.
c4 Nd7 5. Qb3 Nxe5 6. fxe5 dxc4 7. Qxb7 Bd7 8. e3 f6 9. Bxc4 fxe5 10. O-O Nf6 11. Nc3 e6 12. Ne4 Bd6 13. b3 O-O 14. Bb2 Rb8 15. Nxf6+ gxf6 16. Qe4 Qe7 17. Rf3 Bb5 18.
Raf1 Bxc4 19. Qxc4 Rb4 20. Qe2 a5 21. Rg3+ Kh8 22. Qh5 a4 23. Bc3 axb3 24. Bxb4 Bxb4 25. axb3 Bxd2 26. Qh6 Bc3 27. e4 Bd4+ 28. Kh1 c5 29.
Rgf3 f5 30. exf5 e4 31. f6 Qf7 32. Qg7+ 1-0

[Event "Late-Titled-Tuesday-Blitz-March-12-2024"]
[Site "Chess.com"]
[Date "2024.03.12"]
[Round "7"]
[White "ContrVersia"]
[Black "AlexTruskavetsky"]
[Result "1-0"]
[WhiteElo "2878"]
[BlackElo "2686"]
[TimeControl "180+1"]
[EndTime "15:15:27 PDT"]
[Termination "ContrVersia won by checkmate"]

1. d4 Nf6 2. c4 e6 3. Nf3 Bb4+ 4. Bd2 c5 5. Bxb4 cxb4 6. a3 bxa3 7. Nxa3 O-O 8. e3 d6 9. b4 b6 10. Be2 Bb7 11. O-O a5 12. bxa5 Rxa5 13. Qb3 Nbd7 14.
Qb4 Ne4 15. Nb5 Ndf6 16. Rxa5 bxa5 17. Qa3 Bc6 18. Ra1 Bxb5 19. cxb5 Ng4 20. Rf1 Qc7 21. h3 Ngf6 22. Rc1 Qa7 23. Bd3 Ra8 24. Rc6 Qb7 25.
Ra6 Rc8 26. Qxa5 Nc3 27. Ra7 Qd5 28. Rc7 Rxc7 29. Qxc7 g5 30. Qxc3 g4 31. hxg4 Nxg4 32. b6 Qb7 33. Qc7 Qa8 34. b7 Qa1+ 35. Bf1 Qa2 36. Qd8+ Kg7 37. Qg5+ Kf8 38. b8=Q# 1-0

[Event "Late-Titled-Tuesday-Blitz-March-12-2024"]
[Site "Chess.com"]
[Date "2024.03.12"]
[Round "7"]
[White "Jahonas"]
[Black "Sinquefield"]
[Result "0-1"]
[WhiteElo "2317"]
[BlackElo "2517"]
[TimeControl "180+1"]
[EndTime "15:15:31 PDT"]
[Termination "Sinquefield won by resignation"]

1. d4 Nf6 2. c4 d6 3. Nf3 Nbd7 4.
Nc3 e5 5. d5 Be7 6. e4 O-O 7.
Bd3 a5 8. O-O Nc5 9. h3 Nxd3 10.
Qxd3 Nd7 11. Ne2 Nc5 12. Qc2 f5 13. exf5 Bxf5 14. Qd1 Qe8 15. Ng3 Bd7 16. Be3 b6 17. Bxc5 bxc5 18. Nd2 Qg6 19. Nde4 Rf4 20. Qd3 Bh4 21.
Ne2 Rxe4 22. f3 Rd4 23. Qxg6 hxg6 24. Nxd4 cxd4 25. Kh2 Bg5 26. b3 Bd2 27. Rad1 Bc3 28. g4 a4 29. Rb1 axb3 30. axb3 Ra2+ 31. Kg3 Bd2 32. Rf2 Bf4+ 33. Kg2 Ra3 34. Rfb2 g5 35. Kf2 Be8 36. b4 Bg6 37. Rd1 Rc3 38. c5 dxc5 39. b5 e4 40. fxe4 Bxe4 41. Re1 Bxd5 42. Re8+ Kh7 43. b6 cxb6 44. Rxb6 Rf3+ 45. Ke1 Re3+ 46. Rxe3 Bxe3 47. Rb5 d3 0-1

[Event "Late-Titled-Tuesday-Blitz-March-12-2024"]
[Site "Chess.com"]
[Date "2024.03.12"]
[Round "7"]
[White "Fore_Man"]
[Black "SergioMoralesG"]
[Result "1-0"]
[WhiteElo "2320"]
[BlackElo "2458"]
[TimeControl "180+1"]
[EndTime "15:15:33 PDT"]
[Termination "Fore_Man won by resignation"]

1. Nf3 c5 2. g3 Nc6 3. Bg2 g6 4. O-O Bg7 5. c4 d6 6. Nc3 h5 7. h4 Nf6 8. d4 cxd4 9. Nxd4 Bd7 10. Bg5 Qc8 11. Rc1 Bh3 12. Nd5 Bxg2 13. Kxg2 Nd7 14. Nxc6 Qxc6 15. Bxe7 f6 16. e4 Kf7 17. c5 dxc5 18. b4 Rae8 19. Bxc5 Rxe4 20. Be3 Qe6 21.
Nf4 Qe7 22. Rc7 Rd8 23. Qd5+ Kf8 24. Nxg6+ 1-0

[Event "Late-Titled-Tuesday-Blitz-March-12-2024"]
[Site "Chess.com"]
[Date "2024.03.12"]
[Round "7"]
[White "N_Mullodzhanov"]
[Black "Sajkochess"]
[Result "1-0"]
[WhiteElo "2520"]
[BlackElo "2337"]
[TimeControl "180+1"]
[EndTime "15:15:34 PDT"]
[Termination "N_Mullodzhanov won by resignation"]

1. e4 c6 2. Nc3 d5 3. Nf3 Bg4 4. h3 Bxf3 5. Qxf3 e6 6. d3 Nd7 7. g3 g6 8. Bg2 Bg7 9. Bd2 Ne7 10. O-O O-O 11. Qe2 Qb6 12. Na4 Qc7 13. f4 Rae8 14. e5 b5 15. Nc3 Qb6+ 16. Kh2 Nf5 17.
a4 Nd4 18. Qd1 b4 19. Ne2 Nf5 20. a5 Qc5 21. c3 bxc3 22. bxc3 Ne3 23. Bxe3 Qxe3 24.
d4 f6 25. Rf3 Qe4 26. Rd3 Qf5 27. g4 Qxd3 28. Qxd3 fxe5 29. fxe5 Rb8 30. Rb1 Rxb1 31. Qxb1 Rf2 32. Ng3 Bh6 33. Qb7 Nf8 34. Qxa7 Rc2 35. Qc5 Rd2 36. a6 Rd3 37. a7 Bf4 38. a8=Q Bxg3+ 39. Kg1 Rd1+ 40. Bf1 1-0

[Event "Late-Titled-Tuesday-Blitz-March-12-2024"]
[Site "Chess.com"]
[Date "2024.03.12"]
[Round "7"]
[White "ArtemDyachuk"]
[Black "Casablanca"]
[Result "0-1"]
[WhiteElo "2681"]
[BlackElo "2565"]
[TimeControl "180+1"]
[EndTime "15:15:35 PDT"]
[Termination "Casablanca won by resignation"]

1. c4 e6 2. Nf3 b6 3. g3 Bb7 4. Bg2 c5 5. O-O Nf6 6. b3 Be7 7. Bb2 O-O 8. d4 cxd4 9. Qxd4 Nc6 10. Qd2 d6 11. Nc3 a6 12. Rfd1 Qc7 13. Rac1 Ne5 14.
Nd4 Bxg2 15. Kxg2 Rac8 16. f3 Rfd8 17. e4 Qb7 18. Qf2 Nc6 19. Na4 Nd7 20. Rd2 Nc5 21.
Nxc5 dxc5 22. Nxc6 Qxc6 23. Rcd1 h5 24. Rxd8+ Rxd8 25. Rxd8+ Bxd8 26. Qd2 Be7 27. Qd3 Qd6 28. Qxd6 Bxd6 29. f4 f5 30. exf5 exf5 31. Kf3 Kf7 32. Be5 Bxe5 33. fxe5 g5 34. h4 gxh4 35. gxh4 Ke6 36.
Kf4 b5 37. a3 b4 38. axb4 cxb4 39. c5 a5 40. c6 a4 41. Ke3 a3 0-1

[Event "Late-Titled-Tuesday-Blitz-March-12-2024"]
[Site "Chess.com"]
[Date "2024.03.12"]
[Round "7"]
[White "miraitrunks"]
[Black "Hui_Li_Macau"]
[Result "1-0"]
[WhiteElo "2182"]
[BlackElo "2394"]
[TimeControl "180+1"]
[EndTime "15:15:35 PDT"]
[Termination "miraitrunks won on time"]

1. e4 e5 2. Nf3 Nf6 3. d4 exd4 4. e5 Ne4 5. Qxd4 d5 6. exd6 Nxd6 7. Bd3 Nc6 8. Qa4 Bd7 9. O-O Be7 10. Re1 O-O 11.
Nc3 Bf6 12. Ne4 Ne5 13. Nxf6+ Qxf6 14. Qb3 Nxf3+ 15. gxf3 Bc6 16. Be4 Nxe4 17. fxe4 Qg6+ 18. Qg3 Bxe4 19. c3 Rfe8 20. Bf4 Qxg3+ 21. hxg3 c6 22.
Re3 Bd5 23. a3 Rxe3 24. Bxe3 f6 25. Rd1 a6 26. f4 Kf7 27. Kf2 1-0

[Event "Late-Titled-Tuesday-Blitz-March-12-2024"]
[Site "Chess.com"]
[Date "2024.03.12"]
[Round "7"]
[White "Schattman"]
[Black "yaguigor"]
[Result "1-0"]
[WhiteElo "2471"]
[BlackElo "2603"]
[TimeControl "180+1"]
[EndTime "15:15:36 PDT"]
[Termination "Schattman won by resignation"]

1. d4 d5 2. Nf3 Nf6 3. g3 c6 4.
Bg2 Bf5 5. c4 e6 6. Nc3 h6 7.
Qb3 Qb6 8. c5 Qa6 9. Bf1 b5 10.
a4 Qa5 11. Bd2 b4 12. Na2 Na6 13. e3 Rb8 14. Ne5 Nxc5 15. dxc5 Qxc5 16. Rc1 Qd6 17.
Nxc6 Rc8 18. Bb5 Nd7 19. Bxb4 Qc7 20. O-O Qb7 21. Bxf8 Kxf8 22. Qb4+ Kg8 23. Ne7+ Kh7 24. Rxc8 Rxc8 25. Nxc8 Qxc8 26. Rc1 Qb7 27. Qe7 d4 28. Qxd7 Qf3 29. Bc6 Qe2 30. Qxd4 h5 31. Be4 Kg6 32.
Bxf5+ exf5 33. Qd1 Qa6 34. h4 Qb6 35. Nc3 Qxb2 36.
Nd5 1-0

[Event "Late-Titled-Tuesday-Blitz-March-12-2024"]
[Site "Chess.com"]
[Date "2024.03.12"]
[Round "7"]
[White "SharathRk6"]
[Black "xasid81"]
[Result "0-1"]
[WhiteElo "2390"]
[BlackElo "2574"]
[TimeControl "180+1"]
[EndTime "15:15:41 PDT"]
[Termination "xasid81 won by resignation"]

1. Nf3 Nf6 2. g3 c5 3. Bg2 b6 4. O-O Bb7 5. b3 g6 6. Bb2 Bg7 7. d4 O-O 8. dxc5 bxc5 9. c4 d6 10. Nc3 Ne4 11. Qc2 Nxc3 12. Bxc3 Nd7 13. Rad1 Nf6 14.
Nd2 Bxg2 15. Kxg2 a5 16. e4 a4 17. Nf3 axb3 18. axb3 Qb8 19. e5 dxe5 20. Bxe5 Qb7 21.
Rd3 Rfd8 22. Rfd1 Rxd3 23. Qxd3 h6 24. Kg1 Ra3 25. Bxf6 Bxf6 26. Nd2 Bd4 27. Rb1 Ra2 28.
b4 Qd7 29. Kg2 Qc6+ 30. Kg1 Qf6 31. Rf1 cxb4 32. Ne4 Qb6 33. c5 Bxc5 34. Qc4 Ra5 35. Rc1 Bd4 36. Rb1 Rb5 37. Kg2 Bf6 38. Nxf6+ exf6 39. Qc8+ Kg7 40. Rb3 Rc5 41. Qg4 Qc6+ 42. Qf3 Qxf3+ 43.
Rxf3 Rb5 44. Rb3 f5 45. f4 Kf6 46. Kf3 Ke6 47. Ke3 Kd5 48. Kd3 Kc5 49. h3 Rb7 50. h4 Rd7+ 51. Ke3 Kc4 52. Rb1 b3 53. Rc1+ Kb4 0-1

[Event "Late-Titled-Tuesday-Blitz-March-12-2024"]
[Site "Chess.com"]
[Date "2024.03.12"]
[Round "7"]
[White "GMBenjaminBok"]
[Black "MikaelyanArman"]
[Result "0-1"]
[WhiteElo "3022"]
[BlackElo "2857"]
[TimeControl "180+1"]
[EndTime "15:15:42 PDT"]
[Termination "MikaelyanArman won on time"]

1. c4 c6 2. Nf3 d5 3. e3 Nf6 4.
Nc3 Nbd7 5. d4 e6 6. Qc2 Bd6 7. b3 O-O 8. Be2 b6 9. O-O Bb7 10. Bb2 Qe7 11. Rad1 Rfe8 12. Rfe1 Rad8 13. Bf1 e5 14. dxe5 Nxe5 15. Nxe5 Bxe5 16. cxd5 Qc5 17. dxc6 Rxd1 18. Qxd1 Qxc6 19. Na4 Bb8 20. Qc1 Bxh2+ 21.
Kxh2 Ng4+ 22. Kg3 Qg6 23. Qc7 Nxe3+ 24. Kh2 Nxf1+ 25. Kh3 Qxg2+ 26. Kh4 Qxf2+ 27. Kh5 Bf3+ 28. Kg5 Qxe1 0-1

[Event "Late-Titled-Tuesday-Blitz-March-12-2024"]
[Site "Chess.com"]
[Date "2024.03.12"]
[Round "7"]
[White "BardArtem"]
[Black "mitrabhaa"]
[Result "1-0"]
[WhiteElo "2778"]
[BlackElo "2962"]
[TimeControl "180+1"]
[EndTime "15:15:46 PDT"]
[Termination "BardArtem won by resignation"]

1. e4 c6 2. Nf3 d5 3. exd5 cxd5 4. Ne5 Nf6 5. d4 Nc6 6. c3 a6 7. Nd2 Bf5 8. Ndf3 e6 9. Nxc6 bxc6 10. Ne5 c5 11. Qa4+ Nd7 12. Bxa6 cxd4 13. cxd4 Rxa6 14. Qxa6 Bb4+ 15. Bd2 Bxd2+ 16. Kxd2 Nxe5 17. dxe5 Qg5+ 18. Ke1 O-O 19. g3 Be4 20. f4 Qh5 21. Kd2 Bxh1 22. Rxh1 Qf3 23. Rf1 Qe4 24. Qd3 Qa4 25. a3 Rb8 26.
Qc2 Qd4+ 27. Kc1 Qe3+ 28. Kb1 Qxa3 29. Qc8+ Rxc8 30. bxa3 g5 31. fxg5 Rc4 32. Kb2 Re4 33. Kb3 Rxe5 34. a4 d4 35. Ra1 Rxg5 36. a5 Rd5 37. a6 Rd8 38. a7 Ra8 39. Kc4 e5 40.
Kb5 d3 41. Kb6 d2 42. Rd1 Rd8 43. Kc7 Re8 44. Rxd2 Kg7 45. Rd8 Re7+ 46. Rd7 Re8 47. Kb7 Kg6 48. a8=Q Rxa8 49. Kxa8 f5 50. Kb7 h5 51.
Kc6 h4 52. Kd5 hxg3 53. hxg3 e4 54. Kd4 1-0

[Event "Late-Titled-Tuesday-Blitz-March-12-2024"]
[Site "Chess.com"]
[Date "2024.03.12"]
[Round "7"]
[White "Oleksandr_Bortnyk"]
[Black "Zhigalko_Sergei"]
[Result "1-0"]
[WhiteElo "3008"]
[BlackElo "2859"]
[TimeControl "180+1"]
[EndTime "15:15:46 PDT"]
[Termination "Oleksandr_Bortnyk won on time"]

1. e4 c5 2. Be2 Nc6 3. d3 d5 4. f4 e6 5. Nf3 Bd6 6. c3 Nge7 7. O-O O-O 8. Be3 f6 9. Qe1 b6 10. Na3 Bb7 11. Rd1 Qe8 12. Qg3 Rd8 13.
Qh3 Bc8 14. g3 c4 15. Nb5 Bb8 16. Qg2 cxd3 17. Bxd3 dxe4 18. Bxe4 Ba6 19. c4 Nf5 20. Bf2 Rxd1 21. Rxd1 Na5 22. b3 Bxb5 23. cxb5 Qxb5 24. Qh3 Qe2 25. Re1 Qxa2 26. g4 Nh6 27. Nd4 e5 28.
Ne6 Re8 29. g5 Qxb3 30. Qxb3 Nxb3 31. gxh6 Nd2 32. Bd5 Kh8 33. hxg7+ 1-0

[Event "Late-Titled-Tuesday-Blitz-March-12-2024"]
[Site "Chess.com"]
[Date "2024.03.12"]
[Round "7"]
[White "shimastream"]
[Black "The_Machine04"]
[Result "1-0"]
[WhiteElo "2983"]
[BlackElo "2815"]
[TimeControl "180+1"]
[EndTime "15:15:51 PDT"]
[Termination "shimastream won on time"]

1. Nf3 Nf6 2. c4 e6 3. g3 d5 4. Bg2 dxc4 5. Qa4+ Bd7 6. Qxc4 c5 7. Ne5 Qc8 8. Qd3 Nc6 9. Nxd7 Nxd7 10. O-O Be7 11.
Nc3 O-O 12. b3 Rd8 13. Bb2 Nf6 14. Qc2 Nd4 15. Qd1 Qd7 16. Rc1 Rac8 17. d3 b6 18. Qd2 Nd5 19. Nxd5 exd5 20. e3 Ne6 21. f4 d4 22. e4 Nf8 23. Rce1 b5 24. e5 c4 25. bxc4 bxc4 26. dxc4 Rxc4 27. Qd3 Qa4 28. f5 Qc2 29.
Be4 Qxd3 30. Bxd3 Rc7 31. Rc1 Rb7 32. Ba1 Ba3 33. Rc2 Re7 34. Re1 Red7 35. Re4 Rd5 36. e6 fxe6 37. fxe6 Ng6 38. Kg2 Ne5 39. Rd2 Bb4 40. Rd1 Bc3 41. Bc2 Bxa1 42. e7 1-0

[Event "Late-Titled-Tuesday-Blitz-March-12-2024"]
[Site "Chess.com"]
[Date "2024.03.12"]
[Round "7"]
[White "m_ezat"]
[Black "maurovargas01"]
[Result "1-0"]
[WhiteElo "2627"]
[BlackElo "1838"]
[TimeControl "180+1"]
[EndTime "15:15:51 PDT"]
[Termination "m_ezat won on time"]

1. d4 d5 2. c4 e6 3. Nc3 c6 4.
e4 dxe4 5. Nxe4 Nf6 6. Nxf6+ Qxf6 7. Nf3 Bb4+ 8. Bd2 Bxd2+ 9. Qxd2 O-O 10. Bd3 Rd8 11. O-O-O Nd7 12. Qe3 Nf8 13. g4 Qe7 14. h4 a6 15. h5 b5 16. g5 bxc4 17. Bxc4 Qb4 18. Bd3 Rb8 19. Rd2 c5 20. dxc5 Bb7 21. g6 Bxf3 22. Qxf3 Qxc5+ 23. Kb1 fxg6 24. hxg6 Nxg6 25. Rc2 Qd4 26. Bxg6 hxg6 27. Qh3 Qf6 28. Qh8+ Kf7 29. Rc7+ Qe7 30. Rxe7+ Kxe7 31. Qxg7+ Kd6 32.
Rd1+ Kc6 33. Rc1+ Kb6 34. Qc7+ Kb5 35. Qc5+ 1-0